 Dungeon Crawl Stone Soup version 0.19-a0-1442-g3b32ff5 (webtiles) character file.

40 Amnesiac the Chucker (level 3, -1/37 HPs)
             Began as an Ogre Hunter on Sept 6, 2016.
             Slain by a slave (6 damage)
             ... led by Pikel
             ... on level 3 of the Dungeon.
             The game lasted 00:01:38 (801 turns).

Amnesiac the Chucker (Ogre Hunter)                   Turns: 801, Time: 00:01:38

Health: -1/37      AC:  3    Str: 17    XL:     3   Next: 50%
Magic:  3/3        EV: 10    Int: 10    God:
Gold:   71         SH:  0    Dex: 11    Spells: 0 memorised, 2 levels left

rFire  . . .     SeeInvis .     e - +0 short sword (venom)
rCold  . . .     Gourm    .     b - +0 robe
rNeg   . . .     Faith    .     (no shield)
rPois  .         Spirit   .     (helmet restricted)
rElec  .         Dismiss  .     (no cloak)
rCorr  .         Reflect  .     (gloves unavailable)
MR     .....     Harm     .     (boots unavailable)
Stlth  +.........               (no amulet)
                                (no ring)
                                (no ring)

@: no status effects
A: unfitting armour, tough skin 1
a: no special abilities


You were on level 3 of the Dungeon.
You were not hungry.

You visited 1 branch of the dungeon, and saw 4 of its levels.

You collected 71 gold pieces.

Inventory:

Hand Weapons
 e - a +0 short sword of venom (weapon)
Missiles
 c - 5 large rocks (quivered)
 d - 2 throwing nets
 g - 4 tomahawks
Armour
 b - a +0 robe (worn)
Jewellery
 l - a +2 ring of intelligence {unknown}
Wands
 h - a wand of teleportation (1/9)
Scrolls
 a - 4 scrolls of identify {unknown}
Potions
 i - a potion of berserk rage {unknown}
 j - a potion of cancellation {unknown}
 m - a potion of degeneration {unknown}
Comestibles
 f - 3 bread rations
 k - 2 chunks of flesh


   Skills:
 + Level 3.5 Fighting
 * Level 4.8 Throwing
 - Level 1.7 Dodging
 - Level 0.7 Stealth


You had 2 spell levels left.
You didn't know any spells.

Dungeon Overview and Level Annotations

Branches:
Dungeon (4/15)
 Temple: D:4-7

Altars:
Kikubaaqudgha

Annotations:
D:4 Pikel


Innate Abilities, Weirdness & Mutations

You are too large for most types of armour.
You have tough skin. (AC +1)


Message History

You closely miss the slave.
The slave is moderately wounded.
The slave hits you.
* * * LOW HITPOINT WARNING * * *
The slave barely misses you.
Some of the chunks of flesh in your inventory have rotted away.
You closely miss the slave.
The slave is heavily wounded.
The slave closely misses you.
Unknown command.
You closely miss the slave.
The slave is heavily wounded.
The slave hits you.
* * * LOW HITPOINT WARNING * * *
Unknown command.
There is a stone staircase leading down, spattered with blood here.
You hit the slave.
The slave is poisoned.
The slave is almost dead.
The slave hits you.
You die...

### ... ##.##### ......##
### # ..... ..# #. #..# #.#
#.#.##..# #.#############
.....#..######.##...........
#.....p@...........####.
#.#.#.#####.##.###### #.
#.##.....# #.##.# #. #.
###[#.###.##.# #. #
#.....>....# #.
...######.###.#### #.
#.............# #.
#.######...#### .....#


You could see a slave.

Vanquished Creatures
  2 adders
  An ooze (D:3)
  A giant gecko (D:2)
  2 bats (D:2)
  A giant cockroach (D:2)
  4 goblins
  2 hobgoblins
  A jackal (D:2)
  2 kobolds (D:2)
  2 rats (D:2)
18 creatures vanquished.

Notes
Turn   | Place    | Note
-------+----------+-------------------------------------------
     0 | D:1      | Amnesiac the Ogre Hunter began the quest for the Orb.
     0 | D:1      | Reached XP level 1. HP: 22/22 MP: 1/1
   140 | D:2      | Found an ancient bone altar of Kikubaaqudgha.
   183 | D:2      | Reached XP level 2. HP: 30/31 MP: 2/2
   403 | D:2      | Reached XP level 3. HP: 26/37 MP: 3/3
   697 | D:4      | Noticed a slave
   697 | D:4      | Noticed a slave
   698 | D:4      | Noticed Pikel
   801 | D:3      | Slain by a slave

Vault maps used:
D:1:      matt_arrival_spirals, minmay_misc_feat_ornament
D:2:      nicolae_overflow_crystal_walls, minmay_heptomino_w4
D:3:      nicolae_dithmenos_through_a_glass_darkly, overflow_temple_1_default,
          uniq_jessica
D:4:      nicolae_gozag_cash_rules_everything_around_me, serial_shops, shop,
          uniq_menkaure, uniq_pikel, uniq_grinder

Skill      XL: |  1 |
---------------+----+-----
Fighting       | 3 |  3.5
Throwing       | |  4.8
Dodging        | |  1.7
Stealth        | |  0.7

Action                   || total
-------------------------++-------
Melee: Short sword       ||    77
  Use: Potion            ||     1
 Stab: Sleeping          ||     1
Armor: Robe              ||    25
Dodge: Dodged            ||    58
